SNL (28 & UNDER)
BLACKIRON DRAGONS @ SALEM SILVER SOULS
04/06/2024
 
TOP OF THE 1ST
BlackIron Dragons batting - Pitching for Salem Silver Souls : RHP Dave Woods
Pitching: RHP Dave Woods
Batting: RHB Alfredo Rangel 0-0: Ball
1-0: Swinging Strike
1-1: Ball
2-1: Foul Ball, location: 2F
2-2: Ball
3-2: Strikes out swinging
Batting: RHB Brian Jackson 0-0: Ball
1-0: Ball
2-0: Ball
3-0: Called Strike
3-1: Base on Balls
Batting: RHB Gil Palmer 0-0: Called Strike
0-1: Ball
1-1: Foul Ball, location: 2F
1-2: Fly out, F7 (Flyball, 78D)
Batting: RHB Boyd Pittman 0-0: Ball
1-0: Fly out, F7 (Flyball, 7M)
Top of the 1st over - 0 run(s), 0 hit(s), 0 error(s), 1 left on base; BlackIron 0 - Salem 0
BOTTOM OF THE 1ST
Salem Silver Souls batting - Pitching for BlackIron Dragons : RHP Bret McJannett
Pitching: RHP Bret McJannett
Batting: RHB Alejandro Martínez 0-0: Ball
1-0: Ball
2-0: Ball
3-0: Base on Balls
Batting: RHB Juan Vareas 0-0: Ball
1-0: Swinging Strike
1-1: SINGLE (Groundball, 56S)
Alejandro Martínez to second
Batting: RHB Félix García 0-0: Called Strike
0-1: Swinging Strike
0-2: Strikes out swinging
Batting: LHB Jeff McKinney 0-0: Ball
1-0: Called Strike
1-1: Ball
2-1: Foul Ball, location: 2F
2-2: Foul Ball, location: 2F
2-2: Ball
3-2: Base on Balls
Alejandro Martínez to third
Juan Vareas to second
Batting: SHB Todd Smith 0-0: Ball
1-0: Called Strike
1-1: Fly out, F8 (Flyball, 89XD)
Runner from 3rd tags up, SCORES, no throw
Juan Vareas to third
Batting: SHB Francis Shaffer 0-0: Ball
1-0: Foul Ball, location: 2F
1-1: Swinging Strike
1-2: Foul Ball, location: 2F
1-2: Strikes out swinging
Bottom of the 1st over - 1 run(s), 1 hit(s), 0 error(s), 2 left on base; BlackIron 0 - Salem 1
TOP OF THE 2ND
BlackIron Dragons batting - Pitching for Salem Silver Souls : RHP Dave Woods
Batting: RHB Leroy Jamison 0-0: Ball
1-0: Foul Ball, location: 2F
1-1: Ground out 6-3 (Groundball, 6)
Batting: LHB Culley Vaughan 0-0: DOUBLE (Groundball, 3L)
Batting: LHB Donnie Cunningham 0-0: Called Strike
0-1: Ball
1-1: Called Strike
1-2: Ground out 4-3 (Groundball, 4M)
Culley Vaughan to third
Batting: LHB Leonard Young 0-0: 2-RUN HOME RUN (Line Drive, 8RXD), Distance : 424 ft
Batting: RHB Edgardo Carrasco 0-0: Ground out 6-3 (Groundball, 6M)
Top of the 2nd over - 2 run(s), 2 hit(s), 0 error(s), 0 left on base; BlackIron 2 - Salem 1
BOTTOM OF THE 2ND
Salem Silver Souls batting - Pitching for BlackIron Dragons : RHP Bret McJannett
Batting: LHB Jeff Doss 0-0: Foul Ball, location: 2F
0-1: Foul Ball, location: 2F
0-2: Ball
1-2: Reached on error, E4 (Groundball, 4)
Batting: LHB Bill Smith 0-0: Ball
1-0: Called Strike
1-1: Swinging Strike
1-2: Ball
2-2: Ground out 4-3 (Groundball, 4M)
Jeff Doss to third
Batting: LHB Ezechiele Bruno 0-0: Called Strike
0-1: Ball
1-1: Foul Ball, location: 2F
1-2: Ball
2-2: Ground out 5-3 (Groundball, 56S)
Jeff Doss scores
Batting: RHB Alejandro Martínez 0-0: Ball
1-0: Called Strike
1-1: Ball
2-1: Ball
3-1: Base on Balls
Batting: RHB Juan Vareas 0-0: Ball
1-0: Ball
2-0: Foul Ball, location: 2F
2-1: SINGLE (Groundball, 4M)
Alejandro Martínez to second
Batting: RHB Félix García 0-0: Ball
1-0: Reached on error, E5 (Groundball, 5)
Alejandro Martínez to third
Juan Vareas to second
Batting: LHB Jeff McKinney 0-0: Ball
1-0: Ball
2-0: Ball
3-0: Called Strike
3-1: Foul Ball, location: 2F
3-2: SINGLE (Groundball, 5D)
Alejandro Martínez scores
Juan Vareas to third
Félix García to second
Juan Vareas scores
Félix García to third
Batting: SHB Todd Smith 0-0: Foul Ball, location: 2F
0-1: Ball
1-1: Ground out 4-3 (Groundball, 34)
Bottom of the 2nd over - 3 run(s), 2 hit(s), 2 error(s), 2 left on base; BlackIron 2 - Salem 4
TOP OF THE 3RD
BlackIron Dragons batting - Pitching for Salem Silver Souls : RHP Dave Woods
Batting: RHB Alfredo Rangel 0-0: Ball
1-0: Called Strike
1-1: Ball
2-1: Foul Ball, location: 2F
2-2: Foul Ball, location: 2F
2-2: Ball
3-2: Base on Balls
Batting: RHB Brian Jackson 0-0: Called Strike
0-1: Grounds into double play, 1-4-3 (Groundball, 15)
Batting: RHB Gil Palmer 0-0: Called Strike
0-1: Ground out 5-3 (Groundball, 5S)
Top of the 3rd over - 0 run(s), 0 hit(s), 0 error(s), 0 left on base; BlackIron 2 - Salem 4
BOTTOM OF THE 3RD
Salem Silver Souls batting - Pitching for BlackIron Dragons : RHP Bret McJannett
Batting: SHB Francis Shaffer 0-0: SINGLE (Line Drive, 5D)
Batting: LHB Jeff Doss 0-0: Called Strike
0-1: Ball
1-1: Ball
2-1: SINGLE (Flyball, 7LS)
Francis Shaffer to second
Batting: LHB Bill Smith 0-0: SINGLE (Groundball, 4MD)
Francis Shaffer to third
Jeff Doss to second
Runner from 3rd tries for Home, SAFE, no throw or cutoff
Batting: LHB Ezechiele Bruno 0-0: Ball
1-0: Ball
2-0: Fielders Choice at 2nd, 5-4 (Groundball, 56)
Jeff Doss to third
Batting: RHB Alejandro Martínez 0-0: Ball
Ezechiele Bruno steals 2nd base
1-0: Ball
2-0: Foul Ball, location: 2F
2-1: Ball
3-1: Foul Ball, location: 2F
3-2: Foul Ball, location: 2F
3-2: Ground out 6-3 (Groundball, 6M)
Jeff Doss scores
Ezechiele Bruno to third
Pitching: RHP Eduardo Delgado
Batting: RHB Juan Vareas 0-0: Called Strike
0-1: DOUBLE (Line Drive, 9LM)
Ezechiele Bruno scores
Batting: RHB Félix García 0-0: Foul Ball, location: 2F
0-1: Foul Ball, location: 2F
0-2: Ball
1-2: Fly out, F8 (Line Drive, 8LS)
Bottom of the 3rd over - 3 run(s), 4 hit(s), 0 error(s), 1 left on base; BlackIron 2 - Salem 7
TOP OF THE 4TH
BlackIron Dragons batting - Pitching for Salem Silver Souls : RHP Dave Woods
Batting: RHB Boyd Pittman 0-0: Called Strike
0-1: Called Strike
0-2: Ball
1-2: SINGLE (Groundball, 56D) (infield hit)
Batting: RHB Leroy Jamison 0-0: Ball
1-0: Ball
2-0: Ball
3-0: Base on Balls
Boyd Pittman to second
Batting: LHB Culley Vaughan 0-0: Ball
Boyd Pittman steals 3rd base
Leroy Jamison to second
1-0: Ground out 6-3 (Groundball, 6)
Boyd Pittman scores
Leroy Jamison to third
Batting: LHB Donnie Cunningham 0-0: SINGLE (Groundball, 6MD) (infield hit)
Leroy Jamison scores
Batting: LHB Leonard Young 0-0: Ball
1-0: Called Strike
1-1: Ball
2-1: Ball
3-1: Swinging Strike
3-2: Fly out, F4 (Line Drive, 4)
Pitching: RHP Javier Valenzuela
Batting: RHB Edgardo Carrasco 0-0: Ball
1-0: Ball
2-0: Called Strike
2-1: Called Strike
2-2: Strikes out looking
Top of the 4th over - 2 run(s), 2 hit(s), 0 error(s), 1 left on base; BlackIron 4 - Salem 7
BOTTOM OF THE 4TH
Salem Silver Souls batting - Pitching for BlackIron Dragons : RHP Eduardo Delgado
Batting: LHB Jeff McKinney 0-0: Called Strike
0-1: Ball
1-1: DOUBLE (Flyball, 7D)
Batting: SHB Todd Smith 0-0: Ball
1-0: Ball
2-0: Called Strike
2-1: Ball
3-1: Foul Ball, location: 2F
3-2: Base on Balls
Batting: SHB Francis Shaffer 0-0: Foul Ball, location: 2F
0-1: Foul Ball, location: 2F
0-2: Ball
1-2: Ground out 4-3 (Groundball, 4M)
Jeff McKinney to third
Todd Smith to second
Batting: LHB Jeff Doss 0-0: Foul Ball, location: 2F
0-1: Called Strike
0-2: Ball
1-2: Ball
2-2: Ball
3-2: Foul Ball, location: 2F
3-2: Fly out, F5 (Popup, 5S)
Batting: LHB Bill Smith 0-0: Ball
1-0: Fly out, F7 (Flyball, 7S)
Bottom of the 4th over - 0 run(s), 1 hit(s), 0 error(s), 2 left on base; BlackIron 4 - Salem 7
TOP OF THE 5TH
BlackIron Dragons batting - Pitching for Salem Silver Souls : RHP Javier Valenzuela
Batting: RHB Alfredo Rangel 0-0: Foul Ball, location: 2F
0-1: Ground out 6-3 (Groundball, 6)
Batting: RHB Brian Jackson 0-0: Swinging Strike
0-1: Ball
1-1: Called Strike
1-2: Strikes out looking
Batting: RHB Gil Palmer 0-0: Foul Ball, location: 2F
0-1: Ball
1-1: Fly out, F7 (Flyball, 78S)
Top of the 5th over - 0 run(s), 0 hit(s), 0 error(s), 0 left on base; BlackIron 4 - Salem 7
BOTTOM OF THE 5TH
Salem Silver Souls batting - Pitching for BlackIron Dragons : RHP Eduardo Delgado
Batting: LHB Ezechiele Bruno 0-0: Called Strike
0-1: Ball
1-1: Foul Ball, location: 2F
1-2: Foul Ball, location: 2F
1-2: Ball
2-2: Ball
3-2: Foul Ball, location: 2F
3-2: Foul Ball, location: 2F
3-2: Foul Ball, location: 2F
3-2: Foul Ball, location: 2F
3-2: Foul Ball, location: 2F
3-2: Base on Balls
Batting: RHB Alejandro Martínez 0-0: Called Strike
0-1: Foul Ball, location: 2F
0-2: Ball
1-2: Grounds out, U3 (Groundball, 3L)
Batting: RHB Juan Vareas 0-0: Intentional Walk
Batting: RHB Félix García 0-0: Ball
1-0: Called Strike
1-1: Hit by Pitch
Ezechiele Bruno to third
Juan Vareas to second
Batting: LHB Jeff McKinney 0-0: Called Strike
0-1: Ball
1-1: Ball
2-1: Foul Ball, location: 2F
2-2: Strikes out swinging
Batting: SHB Todd Smith 0-0: Called Strike
0-1: Ball
1-1: Ball
2-1: Foul Ball, location: 2F
2-2: Foul Ball, location: 2F
2-2: Foul Ball, location: 2F
2-2: Foul Ball, location: 2F
2-2: Ball
3-2: Strikes out swinging
Bottom of the 5th over - 0 run(s), 0 hit(s), 0 error(s), 3 left on base; BlackIron 4 - Salem 7
TOP OF THE 6TH
BlackIron Dragons batting - Pitching for Salem Silver Souls : RHP Javier Valenzuela
Batting: RHB Boyd Pittman 0-0: Ball
1-0: Swinging Strike
1-1: Called Strike
1-2: Ball
2-2: Ball
3-2: Strikes out swinging
Batting: RHB Leroy Jamison 0-0: Ball
1-0: Ball
2-0: Called Strike
2-1: Swinging Strike
2-2: Foul Ball, location: 2F
2-2: Strikes out swinging
Batting: LHB Culley Vaughan 0-0: Swinging Strike
0-1: Swinging Strike
0-2: Ball
1-2: Ball
2-2: Strikes out swinging
Top of the 6th over - 0 run(s), 0 hit(s), 0 error(s), 0 left on base; BlackIron 4 - Salem 7
BOTTOM OF THE 6TH
Salem Silver Souls batting - Pitching for BlackIron Dragons : RHP Eduardo Delgado
Batting: SHB Francis Shaffer 0-0: Ball
1-0: Called Strike
1-1: Called Strike
1-2: Ground out 4-3 (Groundball, 13)
Batting: LHB Jeff Doss 0-0: Foul Ball, location: 2F
0-1: Foul Ball, location: 2F
0-2: SINGLE (Groundball, 4)
Batting: LHB Bill Smith 0-0: Called Strike
Jeff Doss is caught stealing 2nd base
0-1: Foul Ball, location: 2F
0-2: Strikes out looking
Bottom of the 6th over - 0 run(s), 1 hit(s), 0 error(s), 0 left on base; BlackIron 4 - Salem 7
TOP OF THE 7TH
BlackIron Dragons batting - Pitching for Salem Silver Souls : RHP Javier Valenzuela
Batting: LHB Donnie Cunningham 0-0: Ball
1-0: Foul Ball, location: 2F
1-1: Ball
2-1: Reached on error, E6 (Groundball, 6)
Batting: LHB Leonard Young 0-0: Ball
1-0: Foul Ball, location: 2F
1-1: Foul Ball, location: 2F
1-2: Strikes out swinging
Pitching: RHP Ron Biller
Batting: RHB Edgardo Carrasco 0-0: Called Strike
0-1: Called Strike
0-2: Strikes out swinging
Batting: RHB Alfredo Rangel 0-0: Ball
1-0: Called Strike
1-1: Foul Ball, location: 2F
1-2: Ball
2-2: Foul Ball, location: 2F
2-2: Foul Ball, location: 2F
2-2: Ball
3-2: Base on Balls
Batting: RHB Brian Jackson 0-0: Fielders Choice at 2nd, 5-4 (Groundball, 56)
Top of the 7th over - 0 run(s), 0 hit(s), 1 error(s), 1 left on base; BlackIron 4 - Salem 7
BOTTOM OF THE 7TH
Salem Silver Souls batting - Pitching for BlackIron Dragons : RHP Eduardo Delgado
Pitching: RHP Juan Gutiérrez
Batting: LHB Ezechiele Bruno 0-0: Foul Ball, location: 2F
0-1: Ball
1-1: Foul Ball, location: 2F
1-2: Foul Ball, location: 2F
1-2: Strikes out looking
Batting: RHB Alejandro Martínez 0-0: Ball
1-0: Called Strike
1-1: Called Strike
1-2: Foul Ball, location: 2F
1-2: Foul Ball, location: 2F
1-2: DOUBLE (Line Drive, 89D)
Batting: RHB Juan Vareas 0-0: Intentional Walk
Batting: RHB Félix García 0-0: Ball
1-0: Called Strike
1-1: Ball
2-1: Ball
3-1: Base on Balls
Alejandro Martínez to third
Juan Vareas to second
Batting: LHB Jeff McKinney 0-0: Ball
1-0: Ball
2-0: Fly out, F7 (Flyball, 78M)
Runner from 3rd tags up, SCORES, throw made
Batting: SHB Todd Smith 0-0: Called Strike
0-1: Ball
1-1: Called Strike
1-2: Ball
Wild Pitch!
Juan Vareas to third
Félix García to second
2-2: Fly out, F9 (Flyball, 89M)
Bottom of the 7th over - 1 run(s), 1 hit(s), 0 error(s), 2 left on base; BlackIron 4 - Salem 8
TOP OF THE 8TH
BlackIron Dragons batting - Pitching for Salem Silver Souls : RHP Ron Biller
Batting: RHB Gil Palmer 0-0: Foul Ball, location: 2F
0-1: Foul Ball, location: 2F
0-2: Strikes out swinging
Pitching: LHP Francisco Nieto
Batting: RHB Boyd Pittman 0-0: Called Strike
0-1: Ground out 4-3 (Groundball, 4)
Batting: RHB Leroy Jamison 0-0: Ball
1-0: SINGLE (Groundball, 56)
Batting: LHB Culley Vaughan 0-0: Swinging Strike
0-1: Foul Ball, location: 2F
0-2: Ball
1-2: Strikes out swinging
Top of the 8th over - 0 run(s), 1 hit(s), 0 error(s), 1 left on base; BlackIron 4 - Salem 8
BOTTOM OF THE 8TH
Salem Silver Souls batting - Pitching for BlackIron Dragons : RHP Juan Gutiérrez
Batting: SHB Francis Shaffer 0-0: Ball
1-0: SINGLE (Line Drive, 9S)
Batting: LHB Jeff Doss 0-0: Ball
1-0: Bunted foul
1-1: Bunted foul
1-2: Foul Ball, location: 2F
1-2: Fly out, F5 (Popup, 5DF)
Batting: LHB Bill Smith 0-0: Fly out, F9 (Flyball, 89M)
Batting: LHB Ezechiele Bruno 0-0: Called Strike
0-1: Fielders Choice at 2nd, U6 (Groundball, 6M)
Bottom of the 8th over - 0 run(s), 1 hit(s), 0 error(s), 1 left on base; BlackIron 4 - Salem 8
TOP OF THE 9TH
BlackIron Dragons batting - Pitching for Salem Silver Souls : LHP Francisco Nieto
Batting: LHB Donnie Cunningham 0-0: Called Strike
0-1: Ball
1-1: Foul Ball, location: 2F
1-2: Foul Ball, location: 2F
1-2: Strikes out swinging
Pitching: RHP Manuel Fuentes
Batting: LHB Leonard Young 0-0: Ball
1-0: Ball
2-0: Ball
3-0: Base on Balls
Batting: RHB Edgardo Carrasco 0-0: Foul Ball, location: 2F
0-1: Ball
1-1: Swinging Strike
1-2: Strikes out swinging
Batting: RHB Alfredo Rangel 0-0: Ball
1-0: Called Strike
1-1: Foul Ball, location: 2F
1-2: Ball
2-2: Ball
3-2: Fly out, F6 (Line Drive, 6)
Top of the 9th over - 0 run(s), 0 hit(s), 0 error(s), 1 left on base; BlackIron 4 - Salem 8
This league is powered by Out of the Park Baseball, the baseball management simulation game for PC, Mac and Linux
Saturday, April 9th, 2016 - OOTP Baseball 16.8 Build 38